 Dungeon Crawl Stone Soup version 0.31-a0-185-g9dded2c639 (webtiles) character file.

Game seed: 8035344182624901880

694 qw the Skirmisher (level 7, 0/40 HPs)
             Began as a Deep Elf Hunter on June 22, 2023.
             Slain by a gnoll
             ... wielding a +0 spear
             ... led by a gnoll bouda
              (2 damage)
             ... on level 5 of the Dungeon.
             The game lasted 00:01:44 (3758 turns).

qw the Skirmisher (Deep Elf Hunter)                 Turns: 3758, Time: 00:01:44

Health: 0/40       AC:  7    Str: 10    XL:     7   Next: 37%
Magic:  9/9        EV: 11    Int: 14    God:
Gold:   170        SH:  5    Dex: 18    Spells: 6/6 levels left

rFire   + . .        Y - +0 shortbow (freeze)
rCold   . . .        (shield currently unavailable)
rNeg    . . .        h - +0 ring mail
rPois   +            (no helmet)
rElec   .            (no cloak)
rCorr   .            m - +0 pair of gloves
SInv    .            f - +0 pair of boots
Will    .....        k - amulet of reflection
Stlth   +            o - ring of poison resistance
HPRegen 0.26/turn    i - ring of protection from fire
MPRegen 0.11/turn

%: reflection
@: no status effects
A: no striking features
a: no special abilities


You were on level 5 of the Dungeon.
You visited 1 branch of the dungeon, and saw 5 of its levels.
You also visited: Sewer.

You collected 255 gold pieces.
You spent 85 gold pieces at shops.


   Skills:
 - Level 2.0 Fighting
 + Level 11.1 Ranged Weapons
 - Level 1.0 Armour
 - Level 3.4 Dodging
 - Level 1.2 Stealth


You had 6 spell levels left.
You didn't know any spells.
Your spell library was empty.

Inventory:

Hand Weapons
 Y - a +0 shortbow of freezing (weapon)
Armour
 f - a +0 pair of boots (worn)
 h - a +0 ring mail (worn)
 m - a +0 pair of gloves (worn)
Jewellery
 i - a ring of protection from fire (right hand)
 k - an amulet of reflection (around neck)
 l - a ring of resist corrosion
 o - a ring of poison resistance (left hand)
Potions
 a - a potion of degeneration {unknown}
 b - a potion of ambrosia {unknown}
 c - a potion of might
 d - 2 potions of curing
 g - 3 potions of enlightenment
 j - a potion of brilliance {unknown}

Dungeon Overview and Level Annotations

Branches:
Dungeon (5/15)              Sewer (visited)
 Temple: D:4-7

Altars:
Cheibriados
Hepliaklqana
Makhleb

Shops:
D:3 [


Message History

You shoot an arrow. The arrow hits the gnoll bouda.
The arrow freezes the gnoll bouda.
The gnoll bouda is severely wounded.
The gnoll bouda hits you with a +0 club.
The gnoll hits you from afar with a +0 spear.
You shoot an arrow. The arrow hits the gnoll bouda.
The arrow freezes the gnoll bouda.
The gnoll bouda is almost dead.
The gnoll bouda mumbles some strange prayers to its god.
The gnoll bouda is healed somewhat.
The gnoll closely misses you.
You shoot an arrow.
The arrow hits the gnoll bouda but does no damage.
The gnoll bouda is severely wounded.
You shoot an arrow.
The arrow barely misses the gnoll bouda.
You block the gnoll's attack. You block the gnoll bouda's attack.
You shoot an arrow.
The arrow closely misses the gnoll bouda.
You block the gnoll's attack.
The gnoll bouda hits you with a +0 club.
The gnoll hits you from afar with a +0 spear.
You shoot an arrow.
The arrow hits the gnoll bouda but does no damage.
The gnoll bouda is severely wounded.
The gnoll bouda closely misses you. You block the gnoll's attack.
You shoot an arrow. The arrow hits the gnoll bouda.
The arrow freezes the gnoll bouda.
The gnoll bouda is severely wounded.
The gnoll bouda hits you with a +0 club!
The gnoll hits you from afar with a +0 spear.
You shoot an arrow. The arrow hits the gnoll bouda.
The arrow freezes the gnoll bouda.
You kill the gnoll bouda!
The gnoll hits you from afar with a +0 spear.
You shoot an arrow.
The arrow hits the gnoll but does no damage.
The gnoll hits you from afar with a +0 spear.
You shoot an arrow. The arrow barely misses the gnoll.
The gnoll hits you from afar with a +0 spear.
You die...

#.... ##.### #... #....#
##..#########....#
##....##.......<.## ##
#......#....^..### .##
##.......<..##...# ...#
#...........#...## #...#
#<.............# #....##
###...........@##......#
#...###.....))#)......
##............gg....g.
#....................
#...................#
##......#..##...#...#
###....##..#...# ..#
####......##.. .. ... .
..# .


You could see 2 gnolls.

Vanquished Creatures
  Grinder (D:3)
  2 bullfrogs (Sewer)
  2 orc priests (D:4)
  A gnoll bouda (D:5)
  Ijyb (D:5)
  An iguana (D:4)
  10 adders
  A gnoll (D:5)
  5 worms
  3 dart slugs
  4 orcs
  7 ball pythons
  7 endoplasms
  19 giant cockroaches
  5 goblins
  3 hobgoblins
  8 kobolds
  17 quokkas
  7 bats
  10 frilled lizards
  5 rats
119 creatures vanquished.

Notes
Turn   | Place    | Note
-------+----------+-------------------------------------------
     0 | D:1      | qw the Deep Elf Hunter began the quest for the Orb.
     0 | D:1      | Reached XP level 1. HP: 12/12 MP: 3/3
     0 | D:1      | 0 ||| qw: Version: 0.3-a-9-g12657ce
     0 | D:1      | 0 ||| qw: Game counter: 1735
     0 | D:1      | 0 ||| qw: Always use a shield: true
     0 | D:1      | 0 ||| qw: God list: Okawaru
     0 | D:1      | 0 ||| qw: Allow faded altars: false
     0 | D:1      | 0 ||| qw: Do Orc after D:15 true
     0 | D:1      | 0 ||| qw: Do second Lair branch before Depths: true
     0 | D:1      | 0 ||| qw: Lair rune preference: random
     0 | D:1      | 0 ||| qw: Plans: Normal
     0 | D:1      | 0 ||| PLANNING D:1-11
   155 | D:1      | Reached skill level 6 in Ranged Weapons
   155 | D:1      | Reached XP level 2. HP: 13/16 MP: 4/4
   855 | D:1      | 855 ||| UPGRADING to +0 ring mail.
   865 | D:1      | 865 ||| DROPPING +0 leather armour.
   866 | D:1      | 866 ||| READING 2 scrolls labelled QIRPHU POTEOSM.
   867 | D:1      | 867 ||| READING scroll labelled WOUGOEHAWIF.
   868 | D:1      | 868 ||| READING scroll labelled UXERRY CAMYF.
   869 | D:1      | 869 ||| DRINKING 2 blue potions.
   870 | D:1      | 870 ||| DRINKING 2 puce potions.
   871 | D:1      | 871 ||| DROPPING scroll of fear.
   872 | D:1      | 872 ||| DROPPING scroll of butterflies.
   928 | D:2      | Reached XP level 3. HP: 20/20 MP: 5/5
  1011 | D:2      | Reached skill level 7 in Ranged Weapons
  1200 | D:2      | Found a faded altar of an unknown god.
  1296 | D:2      | Found a hazy altar of Hepliaklqana.
  1468 | D:2      | 1468 ||| UPGRADING to +0 pair of boots.
  1473 | D:2      | 1473 ||| UPGRADING to +0 pair of gloves.
  1478 | D:2      | 1478 ||| UPGRADING to amulet of guardian spirit.
  1483 | D:2      | 1483 ||| UPGRADING to ring of poison resistance.
  1484 | D:2      | 1484 ||| READING scroll labelled SUUBYN FAUSOME.
  1484 | D:2      | Identified a scroll of acquirement
  1484 | D:2      | 1484 ||| ACQUIRING amulet of the Charred God {Acrobat
                  | Int+3}
  1484 | D:2      | Acquired the amulet of the Charred God {Acrobat Int+3}
  1486 | D:2      | 1486 ||| READING scroll labelled XEUMI XENNOUMM.
  1487 | D:2      | 1487 ||| READING scroll labelled REVUPY ORCHOXUOR.
  1488 | D:2      | 1488 ||| READING scroll labelled YMEAHU NAOMYEQ.
  1489 | D:2      | 1489 ||| DRINKING 2 grey potions.
  1490 | D:2      | 1490 ||| DRINKING 2 fizzy yellow potions.
  1539 | D:3      | 1539 ||| PLANNING SEWER
  1556 | D:3      | Reached XP level 4. HP: 25/25 MP: 6/6
  1587 | D:3      | Found Dakkoomp's Antique Armour Shop.
  1594 | D:3      | 1594 ||| BUYING runed robe (85 gold).
  1594 | D:3      | Bought a runed robe for 85 gold pieces
  1770 | D:3      | Noticed Grinder
  1779 | D:3      | HP: 3/25 [Grinder (7)]
  1780 | D:3      | 1780 ||| DRINKING potion of heal wounds.
  1796 | D:3      | Killed Grinder
  1797 | D:3      | Reached skill level 9 in Ranged Weapons
  1797 | D:3      | Reached XP level 5. HP: 10/29 MP: 1/7
  1797 | D:3      | Reached XP level 6. HP: 12/34 MP: 1/8
  1823 | D:3      | 1823 ||| FLEEEEING.
  1824 | D:3      | 1824 ||| FLEEEEING.
  1825 | D:3      | 1825 ||| FLEEEEING.
  1826 | D:3      | 1826 ||| FLEEEEING.
  1827 | D:3      | 1827 ||| FLEEEEING.
  1828 | D:3      | 1828 ||| FLEEEEING.
  1832 | D:3      | 1832 ||| FLEEEEING.
  1833 | D:3      | 1833 ||| STAIRDANCE
  1882 | D:2      | 1882 ||| DROPPING +2 robe of positive energy.
  1883 | D:2      | 1883 ||| DROPPING amulet of the Charred God {Acrobat
                  | Int+3}.
  1884 | D:2      | 1884 ||| UPGRADING to amulet of reflection.
  1894 | D:2      | 1894 ||| DROPPING amulet of guardian spirit.
  1895 | D:2      | 1895 ||| READING scroll labelled JOG TUTZEIL.
  1969 | D:3      | 1969 ||| Stepping ~*~*~tactically~*~*~ (water).
  1979 | D:3      | Found a glowing drain.
  1990 | D:3      | 1990 ||| Stepping ~*~*~tactically~*~*~ (water).
  1997 | Sewer    | Entered a sewer
  2039 | Sewer    | 2039 ||| Stepping ~*~*~tactically~*~*~ (water).
  2077 | Sewer    | 2077 ||| Stepping ~*~*~tactically~*~*~ (water).
  2087 | Sewer    | 2087 ||| Stepping ~*~*~tactically~*~*~ (water).
  2089 | Sewer    | 2089 ||| Stepping ~*~*~tactically~*~*~ (water).
  2101 | Sewer    | 2101 ||| Stepping ~*~*~tactically~*~*~ (water).
  2115 | Sewer    | 2115 ||| Stepping ~*~*~tactically~*~*~ (water).
  2129 | Sewer    | 2129 ||| Stepping ~*~*~tactically~*~*~ (water).
  2153 | Sewer    | 2153 ||| Stepping ~*~*~tactically~*~*~ (water).
  2164 | Sewer    | 2164 ||| Stepping ~*~*~tactically~*~*~ (water).
  2166 | Sewer    | 2166 ||| Stepping ~*~*~tactically~*~*~ (water).
  2174 | Sewer    | Reached skill level 1 in Armour
  2199 | Sewer    | 2199 ||| Stepping ~*~*~tactically~*~*~ (water).
  2270 | Sewer    | 2270 ||| Stepping ~*~*~tactically~*~*~ (water).
  2278 | Sewer    | Reached skill level 10 in Ranged Weapons
  2283 | Sewer    | Reached skill level 3 in Dodging
  2287 | Sewer    | Reached XP level 7. HP: 24/40 MP: 9/9
  2360 | Sewer    | 2360 ||| UPGRADING to ring of resist corrosion.
  2375 | D:3      | 2375 ||| PLANNING D:1-11
  2849 | D:4      | Found a burning altar of Makhleb.
  2853 | D:4      | 2853 ||| Stepping ~*~*~tactically~*~*~ (outnumbered).
  2858 | D:4      | 2858 ||| Stepping ~*~*~tactically~*~*~ (outnumbered).
  2866 | D:4      | HP: 8/40 [orc priest/+0 whip (4)]
  2872 | D:4      | HP: 4/40 [orc priest/+0 whip (5)]
  3272 | D:4      | Found a snail-covered altar of Cheibriados.
  3672 | D:4      | 3672 ||| DROPPING amulet of regeneration.
  3673 | D:4      | 3673 ||| UPGRADING to ring of protection from fire.
  3675 | D:4      | 3675 ||| READING scroll labelled KAWIVE TAUPRAPN.
  3696 | D:5      | Entered Level 5 of the Dungeon
  3722 | D:5      | Noticed Ijyb
  3729 | D:5      | Killed Ijyb
  3737 | D:5      | 3737 ||| FLEEEEING.
  3738 | D:5      | 3738 ||| FLEEEEING.
  3746 | D:5      | Reached skill level 11 in Ranged Weapons
  3756 | D:5      | HP: 7/40 [gnoll/+0 spear[a gnoll bouda] (5)]
  3757 | D:5      | HP: 2/40 [gnoll/+0 spear[a gnoll bouda] (6)]
  3758 | D:5      | Slain by a gnoll

Levels and vault maps discovered:
D:1:      kennysheep_arrival_forest, layout_basic
D:2:      layout_basic, basic_altar, dreamdust_ecumenical_altar_grove
D:3:      layout_loops_ring, gup_sewer_entry_pipe, serial_shops,
          nicolae_shop_just_a_little_nook, uniq_grinder
D:4:      layout_gridville, mainiacjoe_overflow_catwalk,
          mainiacjoe_overflow_paths
D:5:      layout_cave_pools, mainiacjoe_overflow_cross_hatched,
          uniq_crazy_yiuf_cottage, uniq_ijyb

Skill      XL: |  1  2  3  4  5  6  7 |
---------------+----------------------+-----
Ranged Weapons | 6 7 9 10 11 | 11.1
Fighting       | 2 |  2.0
Armour         | 1 |  1.0
Dodging        | 3 |  3.4
Stealth        | |  1.2

Action                     |  1- 3 |  4- 6 |  7- 9 || total
---------------------------+-------+-------+-------++-------
   Fire: Shortbow          |   112 |   200 |    91 ||   403
    Use: Scroll            |     7 |     1 |     1 ||     9
         Potion            |     4 |     1 |       ||     5
 Armour: Leather armour    |    14 |       |       ||    14
         Ring mail         |     7 |    28 |    10 ||    45
  Dodge: Dodged            |    28 |    58 |    16 ||   102
  Block: Other             |       |    21 |    11 ||    32

Table legend:
 A = Non-vault XP
 B = Vault XP
 C = Vault XP percentage of total XP
 D = Non-vault monster count
 E = Vault monster count
 F = Vault count percentage of total count
                 A         B        C        D         E       F
            +---------+---------+-------+---------+---------+-------
      Total |     352 |     640 |  64.5 |      66 |      53 |  44.5
            +---------+---------+-------+---------+---------+-------
        D:1 |      39 |       0 |   0.0 |      23 |       0 |   0.0
        D:2 |      55 |       0 |   0.0 |      17 |       0 |   0.0
        D:3 |      61 |     285 |  82.4 |      17 |      10 |  37.0
        D:4 |     142 |       0 |   0.0 |       7 |       0 |   0.0
        D:5 |      55 |      36 |  39.6 |       2 |       1 |  33.3
      Sewer |       0 |     319 | 100.0 |       0 |      42 | 100.0
            +---------+---------+-------+---------+---------+-------
